 Dungeon Crawl Stone Soup version 0.21.1-1-g345015fe64 (webtiles) character file.

102 Ivernyr the Slasher (level 4, -1/24 HPs)
             Began as a Vine Stalker Monk on June 9, 2018.
             Slain by Kohma's ghost (11 damage)
             ... on level 3 of the Dungeon.
             The game lasted 00:05:03 (1826 turns).

Ivernyr the Slasher (Vine Stalker Monk)             Turns: 1826, Time: 00:05:03

Health: -1/24      AC:  5    Str: 14    XL:     4   Next: 77%
Magic:  0/5        EV: 13    Int: 10    God:
Gold:   101        SH:  0    Dex: 17    Spells: 3/3 levels left

rFire    . . .     SeeInvis .   a - +0 falchion
rCold    . . .     Gourm    .   (no shield)
rNeg     . . .     Faith    .   b - +0 robe
rPois    .         Spirit   +   s - +1 helmet
rElec    .         Reflect  .   (no cloak)
rCorr    .         Harm     .   f - +0 pair of gloves
MR       .....                  (no boots)
Stlth    ++........             n - amulet of inaccuracy (curse)
HPRegen  0.48/turn              (no ring)
MPRegen  0.09/turn              (no ring)

@: no status effects
A: fangs 2, regeneration 1, magic shield, antimagic bite, no potion heal 3, rot
immunity
a: no special abilities


You were on level 3 of the Dungeon.
You were not hungry.

You visited 1 branch of the dungeon, and saw 3 of its levels.

You collected 101 gold pieces.

Inventory:

Hand Weapons
 a - a +0 falchion (weapon)
Missiles
 p - 7 javelins (quivered)
Armour
 b - a +0 robe (worn)
 f - a +0 pair of gloves (worn)
 s - a +1 helmet (worn)
Jewellery
 n - a cursed amulet of inaccuracy (around neck)
Wands
 m - a wand of digging (16)
Scrolls
 i - 2 scrolls of teleportation {unknown}
 j - a scroll of blinking {unknown}
 o - a scroll of amnesia {unknown}
Potions
 d - a potion of heal wounds {unknown}
 e - a potion of magic {unknown}
 g - a potion of brilliance {unknown}
 h - a potion of lignification {unknown}
 k - a potion of might {unknown}
 l - a potion of resistance {unknown}
 q - a potion of curing {unknown}
 r - a potion of cancellation {unknown}
Comestibles
 c - 5 rations
 t - a chunk of flesh


   Skills:
 + Level 3.1 Fighting
 + Level 3.2 Long Blades
 * Level 2.3 Throwing
 + Level 1.3 Armour
 - Level 2.4 Dodging
 - Level 2.4 Stealth


You had 3 spell levels left.
You didn't know any spells.

Dungeon Overview and Level Annotations

Branches:
Dungeon (3/15)

Altars:

Annotations:
D:3 Kohma's ghost, amateur MfGl


Innate Abilities, Weirdness & Mutations

You have extremely sharp teeth.
Your natural rate of healing is unusually fast.
When hurt, damage is shared between your health and your magic reserves.
Your bite disrupts and absorbs the magic of your enemies.
Potions cannot restore your health.
You are immune to rotting.


Message History

Kohma's ghost is heavily damaged.
Kohma's ghost hits you.
Kohma's ghost hits you but does no damage.
You hit Kohma's ghost. Your bite misses Kohma's ghost.
Kohma's ghost is heavily damaged.
Kohma's ghost hits you but does no damage.
You hit Kohma's ghost.
Kohma's ghost is heavily damaged.
Kohma's ghost misses you.
You hit Kohma's ghost. Your bite misses Kohma's ghost.
Kohma's ghost is heavily damaged.
Kohma's ghost hits you.
You closely miss Kohma's ghost. Your bite misses Kohma's ghost.
Kohma's ghost is heavily damaged.
Kohma's ghost misses you.
You hit Kohma's ghost.
You bite Kohma's ghost, but do no damage.
Kohma's ghost is severely damaged.
Kohma's ghost hits you!
You die...

### ### #.#####.#
#.......# #.#####.#
#.# #.# #.#
#.####### #.#
#....@W.# ######.##
#######.#####
........# #.....#
........#######
#####.#
........^...((# #.#
######.#.####(# #.#
#.#.#..#)### ###.#
..#.#..#<).####...#
####.#........##.###


You could see Kohma's ghost.

Vanquished Creatures
  Robin (D:2)
  3 adders
  2 worms (D:2)
  3 leopard geckos
  2 ball pythons (D:1)
  A giant cockroach (D:1)
  13 goblins
  9 hobgoblins
  3 kobolds
  A quokka (D:2)
  5 bats
  2 frilled lizards (D:1)
  9 rats
54 creatures vanquished.

Notes
Turn   | Place    | Note
-------+----------+-------------------------------------------
     0 | D:1      | Ivernyr the Vine Stalker Monk began the quest for the Orb.
     0 | D:1      | Reached XP level 1. HP: 11/11 MP: 2/2
   215 | D:1      | Reached XP level 2. HP: 16/16 MP: 3/3
   287 | D:1      | Reached skill level 1 in Throwing
   570 | D:1      | Reached XP level 3. HP: 9/19 MP: 4/4
  1267 | D:2      | Reached skill level 1 in Armour
  1350 | D:2      | Gained mutation: Your natural rate of healing is unusually fast. [Vine Stalker growth]
  1350 | D:2      | Reached XP level 4. HP: 22/24 MP: 5/5
  1667 | D:3      | Noticed Robin
  1672 | D:2      | Killed Robin
  1745 | D:3      | Noticed Kohma's ghost (amateur MfGl)
  1826 | D:3      | Slain by Kohma's ghost

Skill      XL: |  1  2  3  4 |
---------------+-------------+-----
Throwing       | 1 2 |  2.3
Long Blades    | 3 |  3.2
Fighting       | 3 |  3.1
Armour         | 1 |  1.3
Dodging        | |  2.4
Stealth        | |  2.4

Action                   |  1- 3 |  4- 6 || total
-------------------------+-------+-------++-------
Melee: Falchion          |    72 |    73 ||   145
       Bite              |    17 |    25 ||    42
 Stab: Sleeping          |     3 |       ||     3
  Eat: Chunk             |     1 |     2 ||     3
Armor: Robe              |     9 |    23 ||    32
Dodge: Dodged            |    59 |    61 ||   120
       Rpst.: Falchion   |    14 |    21 ||    35
